 Dungeon Crawl Stone Soup version 0.26.0-10-g1f06aea511 (webtiles) character file.

Game seed: 11870231136907040089

4115 MajorAdolf the Covert (level 10, -9/94 HPs)
             Began as a Naga Wanderer on Jan 16, 2021.
             Was an Initiate of Gozag.
             Killed by divine providence
             ... invoked by an orc priest
              (12 damage)
             ... on level 10 of the Dungeon.
             The game lasted 00:30:34 (16957 turns).

MajorAdolf the Covert (Naga Wanderer)              Turns: 16957, Time: 00:30:35

Health: -9/94      AC: 10    Str: 16    XL:     10   Next: 26%
Magic:  8/12       EV:  9    Int:  9    God:    Gozag
Gold:   826        SH:  5    Dex: 16    Spells: 7/11 levels left

rFire    . . .     SeeInvis +   B - staff of cold
rCold    + . .     Faith    .   s - +0 buckler
rNeg     . . .     Spirit   .   P - +2 robe of the Gastropod {+Fly Int-4 Dex+4 Slay+2}
rPois    +         Reflect  .   (no helmet)
rElec    .         Harm     .   F - +2 cloak "Ufyoc" {Slay+3}
rCorr    .         Rampage  .   m - +0 pair of gloves (curse)
Will     +....                  (no barding)
Stlth    ++++......             (no amulet)
HPRegen  0.25/turn              (no ring)
MPRegen  0.13/turn              (no ring)

@: about to teleport, very slow
A: large, see invisible, deformed body, poison resistance, slowness 2, spit
poison 1, AC +3
a: Spit Poison, Renounce Religion, Evoke Flight, Potion Petition, Call Merchant,
Bribe Branch


You were on level 10 of the Dungeon.
You worshipped Gozag.
Gozag was pleased with you.
You visited 2 branches of the dungeon, and saw 11 of its levels.

You collected 1170 gold pieces.
You spent 200 gold pieces at shops.
You paid 144 gold pieces to Gozag.

Inventory:

Hand Weapons
 a - a +0 mace
 j - a +0 dagger
 D - a +3 falchion
Missiles
 x - 11 poisoned darts
Armour
 d - a +0 robe
 m - a cursed +0 pair of gloves (worn)
 s - a +0 buckler (worn)
 u - a +2 scale mail of willpower
 C - a +2 cloak of preservation
 F - the +2 cloak "Ufyoc" (worn) {Slay+3}
   (You found it on level 6 of the Dungeon)

   It affects your accuracy and damage with ranged weapons and melee attacks
   (+3).
 P - the +2 robe of the Gastropod (worn) {+Fly Int-4 Dex+4 Slay+2}
   (You found it on level 10 of the Dungeon)

   It affects your intelligence (-4).
   It affects your dexterity (+4).
   It affects your accuracy and damage with ranged weapons and melee attacks
   (+2).
   It lets you fly.
Magical Staves
 B - an uncursed staff of cold (weapon)
Jewellery
 i - a +4 ring of protection {unknown}
Wands
 b - a wand of enslavement (17) (quivered)
 v - a wand of flame (4)
 G - a wand of polymorph (8)
 K - a wand of iceblast (18)
 M - a wand of random effects (17)
Scrolls
 c - 2 scrolls of silence {unknown}
 f - 4 scrolls of identify
 h - 3 scrolls of magic mapping
 k - 2 scrolls of noise {unknown}
 l - 9 scrolls of remove curse {unknown}
 n - 3 scrolls of teleportation
 p - a scroll of holy word {unknown}
 q - 5 scrolls of enchant armour
 t - 2 scrolls of enchant weapon {unknown}
 y - 3 scrolls of fear {unknown}
 z - a scroll of immolation {unknown}
 A - 4 scrolls of blinking {unknown}
 L - 2 scrolls of random uselessness {unknown}
 N - a scroll of fog {unknown}
 O - 3 scrolls of amnesia {unknown}
Potions
 e - a potion of magic
 g - 2 potions of flight
 o - a potion of curing
 r - a potion of attraction
 w - 3 potions of ambrosia
 E - 2 potions of resistance
 H - 4 potions of invisibility {unknown}
 I - a potion of cancellation {unknown}
 J - a potion of haste {unknown}
 Q - a potion of might {unknown}


   Skills:
 - Level 7.3 Fighting
 - Level 8.2 Short Blades
 - Level 2.0 Maces & Flails
 - Level 1.5 Armour
 - Level 9.4 Stealth
 - Level 4.4 Shields
 + Level 1.4 Spellcasting
 * Level 5.9 Ice Magic
 - Level 1.0 Evocations


You had 7 spell levels left.
You knew the following spells:

 Your Spells              Type           Power        Failure   Level
a - Freeze                Ice            68%          3%          1
b - Frozen Ramparts       Ice            34%          10%         3

Your spell library contained the following spells:

 Spells                   Type           Power        Failure   Level
 Ozocubu's Armour         Ice            17%          10%         3
 Ensorcelled Hibernation  Hex/Ice        18%          16%         2
 Corona                   Hex            0%           34%         1
 Magic Dart               Conj           0%           34%         1
 Blink                    Tloc           N/A          47%         2
 Call Imp                 Summ           0%           47%         2
 Slow                     Hex            0%           47%         2
 Confusing Touch          Hex            0%           71%         3
 Conjure Flame            Conj/Fire      0%           71%         3
 Dazzling Flash           Conj/Hex       0%           71%         3
 Mephitic Cloud           Conj/Pois/Air  0%           71%         3
 Tukima's Dance           Hex            0%           71%         3
 Hailstorm                Conj/Ice       9%           71%         4
 Summon Ice Beast         Ice/Summ       9%           71%         4


Dungeon Overview and Level Annotations

Branches:
Dungeon (10/15)            Temple (1/1) D:7             Orc (0/2) D:10
   Lair: D:8-11

Altars:
Ashenzari
Cheibriados
Dithmenos
Elyvilon
Fedhas
Gozag
Kikubaaqudgha
Makhleb
Nemelex Xobeh
Okawaru
Qazlal
Ru
Sif Muna
Trog
Uskayaw
Vehumet
Wu Jian
Xom
Yredelemnul
Zin
The Shining One
Beogh

Shops:
D:6 (!((}   D:8 (   D:9 *

Annotations:
D:8 exclusion: adder, Gastronok
D:9 exclusions: vampire and yak, Joseph


Innate Abilities, Weirdness & Mutations

You cannot wear boots.
Your serpentine skin is tough. (AC +3)
You have supernaturally acute eyesight. (SInv)
Armour fits poorly on your strangely shaped body.
Your system is resistant to poisons. (rPois)
You cover ground very slowly.
You can spit poison.


Message History

You block the orc's attack.
An orc comes into view.
The orc priest closely misses you.
An orc comes into view. x2
The orc barely misses you.
Found 16 gold pieces.
Found a roughly hewn altar of Beogh.
Found a staircase to the Orcish Mines.
An orc priest and 2 orc wizards come into view.
An orc wizard is wielding a +0 dagger and wearing a +2 robe of positive energy.
There is a fountain of clear blue water here.
Okay, then.
As you read the scroll of teleportation, it crumbles to dust.
You feel strangely unstable.
The orc warrior hits you from afar with a +0 trident.
* * * LOW HITPOINT WARNING * * *
You block the orc's attack. The orc hits you but does no damage.
The orc priest calls down the wrath of Beogh upon you.
Beogh smites you!
You die...
Your body crumbles into a pile of gold.

.u##.$.......
#.##.$.......
#.##.........
#.##.........
#.##.........
#.##..###############
#.##..# .o..>......#
#.##..# oo.o.oo.o..#
#.#


ooooo.o@o..# # o..o..oo...# .## o..o8..B...# #... '8#####8'8## .... $ .oo..
........ ..o### ...##..# .... ...##..# #.... ...##..# $ You could see a soldier
ant, 3 orc warriors, 3 orc priests, 2 orc wizards and 15 orcs.

Vanquished Creatures
  A troll (D:9)
  A wraith (D:7)
  A wyvern (D:8)
  A water moccasin (D:9)
  3 black bears
  2 ice beasts
  A sky beast (D:8)
  2 ogres
  A big kobold (D:8)
  An elf zombie (D:7)
  2 bullfrogs
  An elf skeleton (D:7)
  2 scorpions
  9 killer bees
  6 wights (D:7)
  4 howler monkeys
  2 centaur zombies
  3 bullfrog zombies (D:5)
  7 orc priests
  5 hounds
  4 jellies
  3 human zombies (D:7)
  2 bullfrog skeletons
  A centaur skeleton (D:5)
  5 orc wizards
  A human skeleton (D:7)
  4 iguanas
  5 worker ants
  A killer bee zombie (D:5)
  A mummy (D:7)
  A worker ant zombie (D:6)
  2 gnolls (D:2)
  10 adders
  A shadow imp (D:5)
  A white imp (D:8)
  2 ufetubi (D:5)
  An ooze (D:2)
  An adder zombie (D:5)
  2 adder skeletons (D:6)
  3 dart slugs
  3 leopard geckos
  24 orcs
  A ball python (D:1)
  6 bats
  2 giant cockroaches
  6 goblins
  2 hobgoblins
  18 jackals
  6 quokkas
  6 frilled lizards
  A jackal zombie (D:5)
  10 kobolds
  A leopard gecko skeleton (D:5)
  An orc skeleton (D:7)
  2 orc zombies (D:7)
  A quokka zombie (D:5)
  3 rats (D:2)
199 creatures vanquished.

Vanquished Creatures (collateral kills)
  An orc wizard (D:9)
  An orc (D:9)
2 creatures vanquished.

Vanquished Creatures (others)
  An orc warrior (D:9)
  A gnoll (D:2)
  A quokka (D:2)
  A bat (D:2)
  8 withered plants (D:5)
12 creatures vanquished.

Grand Total: 213 creatures vanquished

Notes
Turn   | Place    | Note
-------+----------+-------------------------------------------
     0 | D:1      | MajorAdolf the Naga Wanderer began the quest for the Orb.
     0 | D:1      | MajorAdolf set off with the following items: a +0 mace, a
                  | wand of enslavement (15), a potion of lignification, a +0
                  | robe
     0 | D:1      | Reached XP level 1. HP: 22/22 MP: 1/1
    29 | D:1      | Reached skill level 2 in Stealth
   231 | D:1      | Reached XP level 2. HP: 29/30 MP: 2/2
  1947 | D:2      | Reached skill level 1 in Short Blades
  1947 | D:2      | Reached skill level 3 in Stealth
  1947 | D:2      | Reached XP level 3. HP: 37/37 MP: 3/3
  2372 | D:2      | Reached XP level 4. HP: 42/45 MP: 4/4
  2981 | D:2      | Found a white marble altar of Elyvilon.
  3232 | D:2      | Reached skill level 4 in Stealth
  3491 | D:3      | Found a broken altar of Ashenzari.
  3516 | D:3      | Reached XP level 5. HP: 51/51 MP: 5/5
  3908 | D:3      | Found a faded altar of an unknown god.
  5453 | D:4      | Noticed an ice beast
  5487 | D:4      | Reached skill level 5 in Fighting
  5487 | D:4      | Reached skill level 1 in Shields
  5769 | D:4      | Reached XP level 6. HP: 61/61 MP: 6/6
  6114 | D:4      | Reached skill level 5 in Stealth
  6236 | D:4      | Found a blossoming altar of Fedhas.
  6633 | D:5      | Entered Level 5 of the Dungeon
  6634 | D:5      | Noticed an ice beast
  7172 | D:5      | Reached XP level 7. HP: 55/67 MP: 7/7
  7992 | D:4      | Reached skill level 6 in Stealth
  8414 | D:5      | Reached skill level 5 in Short Blades
  8586 | D:5      | Reached XP level 8. HP: 14/76 MP: 8/8
  9081 | D:5      | Found an iron altar of Okawaru.
  9609 | D:6      | Reached skill level 7 in Stealth
  9782 | D:6      | Found Vukouc's Gadget Boutique.
  9929 | D:6      | Found Geretir's Antique Weapon Shoppe.
  9987 | D:6      | Found Mofaczy's Distillery.
  9991 | D:6      | Found Wohaanis's Antique Weapon Emporium.
 10000 | D:6      | Found Holuaw's Weapon Emporium.
 10013 | D:6      | Got a warped cloak
 10024 | D:6      | Identified the +2 cloak "Ufyoc" {Slay+3} (You found it on
                  | level 6 of the Dungeon)
 10092 | D:6      | Found a snail-covered altar of Cheibriados.
 10921 | D:7      | Found an ancient bone altar of Kikubaaqudgha.
 10991 | D:7      | Found a staircase to the Ecumenical Temple.
 11000 | Temple   | Entered the Ecumenical Temple
 11144 | Temple   | Became a worshipper of Gozag Ym Sagoz the Greedy
 11764 | D:7      | Reached skill level 8 in Stealth
 12096 | D:7      | Found a basalt altar of Yredelemnul.
 12277 | D:7      | Reached XP level 9. HP: 72/85 MP: 9/9
 13068 | D:8      | Found a glowing silver altar of Zin.
 13599 | D:7      | Reached skill level 9 in Stealth
 13767 | D:8      | Noticed Gastronok
 13857 | D:8      | Found a bloodstained altar of Trog.
 13873 | D:8      | Found Firreptu's Antique Weapon Emporium.
 14364 | D:8      | Learned a level 1 spell: Freeze
 14439 | D:8      | Learned a level 3 spell: Frozen Ramparts
 14720 | D:9      | Found Nept's Assorted Antiques.
 14725 | D:9      | Bought a curved ivory wand for 100 gold pieces
 14725 | D:9      | Bought a scroll labelled MOCKUF NITAPS for 25 gold pieces
 14725 | D:9      | Bought a scroll labelled CYBRIA BITADDU for 25 gold pieces
 14725 | D:9      | Bought a scroll labelled QAONOJ ZUODIS for 25 gold pieces
 14725 | D:9      | Bought a scroll labelled QAONOJ ZUODIS for 25 gold pieces
 14771 | D:9      | Reached skill level 1 in Ice Magic
 15109 | D:9      | Reached XP level 10. HP: 33/94 MP: 10/10
 15853 | D:9      | Reached skill level 5 in Ice Magic
 16041 | D:9      | Found a bloodstained altar of Trog.
 16070 | D:9      | Noticed Joseph
 16307 | D:9      | Found a hide-covered altar of Uskayaw.
 16321 | D:9      | Reached skill level 1 in Spellcasting
 16520 | D:10     | Entered Level 10 of the Dungeon
 16586 | D:10     | Got an ancient robe
 16598 | D:10     | Identified the +2 robe of the Gastropod {+Fly Int-4 Dex+4
                  | Slay+2} (You found it on level 10 of the Dungeon)
 16944 | D:10     | Noticed a red ugly thing
 16956 | D:10     | Found a roughly hewn altar of Beogh.
 16956 | D:10     | Found a staircase to the Orcish Mines.
 16957 | D:10     | HP: 3/94 [orc warrior/+0 trident (5)]
 16957 | D:10     | Killed from afar by an orc priest

Illustrated notes

Levels and vault maps discovered:
D:1:      dpeg_arrival_stonehenge_12_columns, layout_basic
D:2:      layout_loops_ring, elyvilon_altar_4, serial_rivers,
          chequers_serial_rivers_room_a, chequers_serial_rivers_micro_a,
          chequers_serial_rivers_micro_a, chequers_serial_rivers_small_b,
          chequers_serial_rivers_micro_c
D:3:      layout_rooms, nicolae_overflow_crystal_walls,
          chequers_ecumenical_altar_simple_redux
D:4:      layout_layer_cave, fedhas_altar_fruit_tree
D:5:      layout_loops_ring, general_overflow_altar, serial_undead,
          serial_undead_d, serial_undead_a, serial_undead_c, serial_undead_b
D:6:      layout_basic, kennysheep_mini_moat, serial_shops, shop, shop, shop,
          shop, nicolae_shop_overgrown_old_shop
D:7:      layout_basic, kiku_gazebo_garden_becter,
          minmay_temple_entry_sparse_star, lemuel_mausoleum_altar_yredelemnul
D:8:      layout_basic, overflow_temple_1_default, zin_scriptorium,
          serial_shops, shop_statue, uniq_gastronok
D:9:      layout_roguey, nzn_hepliaklqana_mist_gate, serial_shops, shop,
          basic_altar, trog_ov_bears_minmay, uniq_joseph
D:10:     layout_long_grid, david_orc_5, chequers_serial_rivers_small_b,
          roderic_serpentine_path
Temple:   dshaligram_water_room_temple

Skill      XL: |  1  2  3  4  5  6  7  8  9 10 |
---------------+-------------------------------+-----
Stealth        | 2 3 4 5 6 8 9 |  9.4
Short Blades   | 1 2 3 4 5 6 8 |  8.2
Fighting       | 5 6 7 |  7.3
Shields        | 1 2 3 4 |  4.4
Ice Magic      | 3 5 |  5.9
Spellcasting   | 1 |  1.4
Maces & Flails | |  2.0
Armour         | |  1.5
Evocations     | |  1.0

Action                   |  1- 3 |  4- 6 |  7- 9 | 10-12 || total
-------------------------+-------+-------+-------+-------++-------
Melee: Mace              |    16 |       |       |       ||    16
       Dagger            |    63 |   257 |     8 |       ||   328
       Falchion          |       |       |   449 |       ||   449
       Staff             |       |       |    52 |    44 ||    96
 Cast: Freeze            |       |       |     3 |    32 ||    35
       Frozen Ramparts   |       |       |       |     4 ||     4
 Abil: Spit Poison       |    15 |    37 |    23 |    10 ||    85
Evoke: Wand              |     1 |     3 |     3 |     1 ||     8
  Use: Scroll            |       |     5 |     5 |     2 ||    12
       Potion            |       |     1 |     3 |     1 ||     5
 Stab: Sleeping          |     1 |     5 |    14 |     2 ||    22
       Distracted        |       |       |     1 |     1 ||     2
Armor: Robe              |    30 |    43 |   190 |    22 ||   285
       Skin              |       |    42 |    24 |       ||    66
Dodge: Dodged            |    51 |    97 |   206 |    35 ||   389
Block: Buckler           |       |    32 |   100 |    19 ||   151
       Rpst.: Falchion   |       |       |    56 |       ||    56
